 Dungeon Crawl Stone Soup version 0.20-a0-823-gdec668e (webtiles) character file.

32 M4edhros the Sneak (level 3, -7/23 HPs)
             Began as an Octopode Artificer on Mar 5, 2017.
             Killed by divine providence
             ... invoked by an orc priest
              (15 damage)
             ... on level 3 of the Dungeon.
             The game lasted 00:00:41 (1103 turns).

M4edhros the Sneak (Octopode Artificer)             Turns: 1103, Time: 00:00:42

Health: -7/23      AC:  1    Str: 11    XL:     3   Next: 25%
Magic:  5/5        EV: 13    Int: 13    God:
Gold:   86         SH:  0    Dex: 13    Spells: 2/2 levels left

rFire    . . .     SeeInvis .   a - +0 short sword
rCold    + . .     Gourm    .   (no shield)
rNeg     . . .     Faith    .   (helmet restricted)
rPois    .         Spirit   .   (no amulet)
rElec    .         Reflect  .   g - ring of flight
rCorr    .         Harm     .   n - ring of protection from cold
MR       .....                  (no ring)
Stlth    ++++......             (no ring)
Regen    0.1/turn               (no ring)
MPRegen  0.1/turn               (no ring)
                                (no ring)
                                (no ring)

@: no status effects
A: almost no armour, stealthy swim, amphibious, 8 rings, constrict 8, camouflage
1, gelatinous body 1
a: Evoke Flight


You were on level 3 of the Dungeon.
You were hungry.

You visited 1 branch of the dungeon, and saw 3 of its levels.

You collected 86 gold pieces.

Inventory:

Hand Weapons
 a - a +0 short sword (weapon)
Jewellery
 g - a ring of flight (left tentacle)
 n - a ring of protection from cold (right tentacle)
Wands
 b - a wand of flame (15/48)
 c - a wand of enslavement (15/24)
 d - a wand of random effects (15/48)
Scrolls
 e - a scroll of blinking {unknown}
 h - 2 scrolls of identify {unknown}
 j - a scroll of remove curse {unknown}
 k - 2 scrolls of teleportation {unknown}
 m - a scroll of magic mapping {unknown}
Potions
 i - a potion of curing {unknown}
 l - a potion of flight {unknown}
 o - a potion of invisibility {unknown}
Comestibles
 f - a bread ration


   Skills:
 - Level 1.0 Fighting
 - Level 1.0 Short Blades
 - Level 2.0 Dodging
 + Level 4.5 Stealth
 - Level 3.2 Evocations


You had 2 spell levels left.
You didn't know any spells.

Dungeon Overview and Level Annotations

Branches:
Dungeon (3/15)

Altars:


Innate Abilities, Weirdness & Mutations

You cannot wear most types of armour.
You are very stealthy in the water. (Stealth+)
You are amphibious.
You can wear up to eight rings at the same time.
You can use your tentacles to constrict eight enemies at once.
Your skin changes colour to match your surroundings (Stealth+).
Your rubbery body absorbs attacks. (AC +1, EV +1)


Message History

The hobgoblin moves out of view.
There are monsters nearby!
There are monsters nearby!
The orc shouts!
The orc priest shouts!
You hit the orc priest but do no damage.
Your grab misses the orc priest.
The orc priest shouts!
You hear a shout!
The orc priest misses you. The orc misses you.
A hobgoblin comes into view. It is wielding a club.
There are monsters nearby!
You hit the orc priest. Your grab misses the orc priest.
The orc priest is lightly wounded.
The orc priest hits you. The orc hits you with a club.
You are too injured to fight recklessly!
The hobgoblin hits you.
You see here a bread ration.
The orc priest calls down the wrath of Beogh upon you.
Beogh smites you!
Ouch! That really hurt!
You die...

#........
#........
#........
#........
#########........
.................
#
#########).......
.. #<#....... ...
######@#.######
.... #..og..#.#
.....##o######.#
..........# .#
...####.#+# .#
#...oo...# .#
#........#
#......o.#
#........#


You could see 2 orc priests and a hobgoblin.

Vanquished Creatures
  An adder (D:2)
  A giant cockroach (D:2)
  3 goblins
  A hobgoblin (D:1)
  3 bats (D:1)
  2 frilled lizards
  6 kobolds
  5 rats
22 creatures vanquished.

Notes
Turn   | Place    | Note
-------+----------+-------------------------------------------
     0 | D:1      | M4edhros the Octopode Artificer began the quest for the Orb.
     0 | D:1      | Reached XP level 1. HP: 13/13 MP: 3/3
    75 | D:1      | Reached skill level 2 in Stealth
   227 | D:1      | Reached XP level 2. HP: 9/18 MP: 4/4
   388 | D:1      | Reached skill level 3 in Stealth
   880 | D:2      | Reached skill level 4 in Stealth
   880 | D:2      | Reached XP level 3. HP: 11/23 MP: 5/5
  1103 | D:3      | Killed from afar by an orc priest

Vault maps used:
D:1:      tarquinn_simple_flora_water_a
D:2:      trog_butcher_becter
D:3:      first_bread

Skill      XL: |  1  2 |
---------------+-------+-----
Stealth        | 2 4 |  4.5
Fighting       | |  1.0
Short Blades   | |  1.0
Dodging        | |  2.0
Evocations     | |  3.2

Action                   || total
-------------------------++-------
Melee: Short sword       ||    52
       Constrict         ||    13
       Tentacles         ||     5
 Stab: Sleeping          ||     7
       Distracted        ||     1
Armor: Skin              ||     2
Dodge: Dodged            ||    39
